 Seeded DCSS version 0.28.0-53-g5a82cb258f (webtiles) character file.

Game seed: 17053266146932054461 (custom seed)

5 Kranky the Basher (level 1, 0/13 HPs)
             Began as a Gnoll Wanderer on June 24, 2022.
             Slain by a kobold
             ... wielding a +0 whip
              (3 damage)
             ... on level 1 of the Dungeon.
             The game lasted 00:00:14 (301 turns).

Kranky the Basher (Gnoll Wanderer)                   Turns: 301, Time: 00:00:15

Health: 0/13       AC:  3    Str: 16    XL:     1   Next: 80%
Magic:  1/1        EV: 11    Int: 10    God:
Gold:   0          SH:  0    Dex:  7    Spells: 0/0 levels left

rFire   . . .      SeeInvis .   a - +2 mace
rCold   . . .      Faith    .   (no shield)
rNeg    . . .      Spirit   .   d - +0 leather armour
rPois   .          Reflect  .   (no helmet)
rElec   .          Harm     .   (no cloak)
rCorr   .          Rampage  .   (no gloves)
Will    .....                   (no boots)
Stlth   +.........              (no amulet)
HPRegen 0.04/turn               (no ring)
MPRegen 0.07/turn               (no ring)

@: no status effects
A: fangs 1, strong nose, distributed training
a: no special abilities


You were on level 1 of the Dungeon.
You visited 1 branch of the dungeon, and saw 1 of its levels.

Inventory:

Hand Weapons
 a - a +2 mace (weapon)
Armour
 d - a +0 leather armour (worn)
Wands
 c - a wand of polymorph (4) (quivered)
Scrolls
 e - a scroll of identify {unknown}
Potions
 b - a potion of attraction


   Skills:
 + Level 0.1 Fighting
 + Level 0.1 Short Blades
 + Level 0.1 Long Blades
 + Level 0.1 Axes
 + Level 8.4 Maces & Flails
 + Level 0.1 Polearms
 + Level 0.1 Staves
 + Level 0.1 Slings
 + Level 0.1 Bows
 + Level 0.1 Crossbows
 + Level 0.1 Throwing
 + Level 4.4 Armour
 + Level 0.1 Dodging
 + Level 0.1 Stealth
 + Level 0.1 Shields
 + Level 4.4 Unarmed Combat
 + Level 0.1 Spellcasting
 + Level 0.1 Conjurations
 + Level 0.1 Hexes
 + Level 0.1 Summonings
 + Level 0.1 Necromancy
 + Level 0.1 Translocations
 + Level 0.1 Transmutations
 + Level 0.1 Fire Magic
 + Level 0.1 Ice Magic
 + Level 0.1 Air Magic
 + Level 0.1 Earth Magic
 + Level 0.1 Poison Magic
 + Level 0.2 Invocations
 + Level 4.4 Evocations


You couldn't memorise any spells.
You didn't know any spells.
Your spell library was empty.

Dungeon Overview and Level Annotations

Branches:
Dungeon (1/15)

Altars:


Innate Abilities, Weirdness & Mutations

You have very sharp teeth.
Your uncanny sense of smell can sniff out nearby items.
Your experience applies equally to all skills.


Message History

* * * LOW HITPOINT WARNING * * *
You are too injured to fight recklessly!
You are too injured to fight recklessly!
You are too injured to fight recklessly!
You sock the goblin!
You kill the goblin!
The giant cockroach barely misses you.
You thump the giant cockroach!
You kill the giant cockroach!
You hit the hobgoblin. You punch the hobgoblin.
You kill the hobgoblin!
Things that are here:
a +0 dagger; a hobgoblin corpse; a goblin corpse You start resting.
HP restored.
A ball python and a kobold come into view.
The ball python hisses angrily.
The kobold shouts!
You hear an angry hiss.
There are monsters nearby!
There are monsters nearby!
A ball python comes into view.
The ball python hisses angrily.
The kobold closely misses you.
You closely miss the ball python. The ball python closely misses you.
The ball python barely misses you. The kobold hits you with a +0 whip.
The ball python bites you. The ball python grabs you.
The ball python constricts you.
You hit the ball python.
You kill the ball python!
The kobold hits you with a +0 whip.
* * * LOW HITPOINT WARNING * * *
You are too injured to fight recklessly!
You are too injured to fight recklessly!
You are too injured to fight recklessly!
You are too injured to fight recklessly!
The kobold hits you but does no damage.
You hit the kobold.
The kobold is moderately wounded.
A frilled lizard comes into view.
The kobold hits you with a +0 whip.
You die...

#######
####+####.....
#.......#....#
#.8.8.8.#....####
#.......#.......
+.8.<.8.+...†####..
#.......#.@KS....l.
#.8.8.8.##.########
#.......##.###
####'#####...###
#..# ###...# .
#..## ###.## .#
#.##..## #..# .#
#......## ##.## .#
##......# #..##.#


You could see a ball python, a kobold and a frilled lizard (wandering).

Vanquished Creatures
  A ball python (D:1)
  A giant cockroach (D:1)
  A hobgoblin (D:1)
  A bat (D:1)
  A goblin (D:1)
5 creatures vanquished.

Notes
Turn   | Place    | Note
-------+----------+-------------------------------------------
     0 | D:1      | Kranky the Gnoll Wanderer began the quest for the Orb.
     0 | D:1      | Kranky set off with the following items: a +2 mace, a
                  | potion of attraction, a wand of polymorph (4), a +0 leather
                  | armour
     0 | D:1      | Reached XP level 1. HP: 13/13 MP: 1/1
   301 | D:1      | Slain by a kobold

Illustrated notes

Levels and vault maps discovered:
D:1:      doesnt_arrival_eight_statues, layout_rooms,
          ebering_ecumenical_altar_mist

Action                   || total
-------------------------++-------
Melee: Mace              ||    10
       Punch             ||     1
Armor: Leather armour    ||     3
Dodge: Dodged            ||    12
